Map: Mech Depot LE

Players

Dauntless

  • Race: Protoss Protoss
  • League: Master
  • Spawn Location: 1:00

BranStARK

  • Race: Terran Terran
  • League: Diamond
  • Spawn Location: 7:00

VOD

Have the link to the VOD?

Description

Time

  • Played on: Nov. 11, 2017, 11:35 p.m.
  • Length: 15:26
Show
View Real Time Build Order
Export as new Build Order

Dauntless Protoss 

Build Orders:  

Get SALT Encoding   

  12  0:01  Probe (Chrono Boost)  
  13  0:11  Probe (Chrono Boost)  
  14  0:18  Pylon  
  14  0:22  Probe (Chrono Boost)  
  15  0:36  Probe (Chrono Boost)  
  15  0:37  Gateway  
  16  0:47  Probe (Chrono Boost)  
  16  0:48  Assimilator  
  17  0:53  Assimilator  
  17  0:57  Probe (Chrono Boost)  
  18  1:08  Probe (Chrono Boost)  
  20  1:18  Probe (Chrono Boost)  
  20  1:24  Pylon  
  20  1:26  Cybernetics Core  
  20  1:29  Probe (Chrono Boost)  
  21  1:37  Pylon  
  21  1:41  Probe (Chrono Boost)  
  22  1:48  Zealot (Chrono Boost)  
  22  1:52  Probe  
  25  2:02  Warp Gate (Chrono Boost)  
  25  2:04  Probe  
  26  2:14  Sentry  
  28  2:16  Gateway  
  28  2:29  Pylon  
  28  2:40  Adept  
  28  2:42  Gateway  
  30  2:50  Gateway  
  30  3:05  Sentry  
  32  3:09  Mothership Core, Pylon  
  34  3:14  Gateway  
  34  3:18  Sentry (Chrono Boost)  
  36  3:29  Sentry (Chrono Boost)  
  38  3:53  Sentry  
  42  3:58  Sentry x2  
  44  4:05  Zealot  
  44  4:15  Stalker  
  44  4:24  Stalker  
  43  4:25  Zealot  
  45  4:34  Pylon  
  45  4:35  Zealot x2  
  45  4:36  Zealot  
  51  4:43  Pylon  
  51  4:46  Stalker  
  51  4:47  Stalker  
  55  4:53  Stalker  
  57  5:02  Stalker  
  59  5:24  Stalker x2  
  61  5:43  Pylon  
  61  5:45  Pylon  
  59  5:51  Pylon  
  54  6:09  Mothership Core (Chrono Boost)  
Show
View Real Time Build Order
Export as new Build Order

BranStARK Terran 

Build Orders: Cyclone Opening 

Get SALT Encoding   

  12  0:01  SCV  
  13  0:13  SCV  
  14  0:18  Supply Depot  
  14  0:26  Refinery  
  14  0:29  SCV  
  15  0:41  Barracks  
  16  0:50  SCV  
  16  0:57  Supply Depot  
  16  1:04  Refinery  
  16  1:10  SCV  
  17  1:31  Factory  
  17  1:49  Factory  
  17  1:55  Barracks Reactor  
  17  2:02  Orbital Command  
  19  2:24  Widow Mine  
  19  2:51  Cyclone  
  19  2:52  Cyclone  
  19  2:57  Cyclone  
  28  3:01  Supply Depot  
  28  3:05  SCV  
  30  3:20  SCV  
  30  3:35  Cyclone  
  30  3:36  Cyclone  
  36  3:46  Supply Depot  
  36  3:52  Cyclone  
  31  4:29  Cyclone x2  
  37  4:38  SCV  
  38  4:48  Cyclone  
  41  5:15  SCV  
  12  7:30  Orbital Command  
  9  7:55  SCV  
  4  8:18  Supply Depot, SCV  
  2  8:41  Barracks  
  2  9:27  Orbital Command  
  2  9:32  Factory  
  2  10:29  Refinery  
Tags
 
Add a new tag
Caveats
  • Supply blocks, unpowered buildings, or Contaminate may cause inaccurate times.
  • Supply counts are checked every 10 seconds.